 Dungeon Crawl Stone Soup version 0.28.0 (webtiles) character file.

Game seed: 3381938044978736597

527 styxcanada the Magician (level 7, -8/39 HPs)
             Began as a Deep Elf Venom Mage on Feb 6, 2022.
             Was an Initiate of Vehumet.
             Mangled by Prince Ribbit (16 damage)
             ... on level 5 of the Dungeon.
             The game lasted 00:24:46 (5493 turns).

styxcanada the Magician (Deep Elf Venom Mage)       Turns: 5493, Time: 00:24:46

Health: -8/39      AC:  6    Str:  3    XL:     7   Next: 2%
Magic:  18/18      EV: 13    Int: 22    God:    Vehumet [......]
Gold:   208        SH:  0    Dex: 17    Spells: 8/16 levels left

rFire   . . .      SeeInvis .   g - +1 short sword (speed)
rCold   . . .      Faith    .   (no shield)
rNeg    . . .      Spirit   .   a - +0 robe
rPois   .          Reflect  .   h - +2 helmet
rElec   .          Harm     .   (no cloak)
rCorr   .          Rampage  .   i - +0 pair of gloves
Will    .....                   (no boots)
Stlth   +.........              (no amulet)
HPRegen 0.13/turn               (no ring)
MPRegen 0.16/turn               (no ring)

@: confused, ambrosia-drunk
A: agile 1, high MP 1, robust 1, weak 1
a: Renounce Religion


You were on level 5 of the Dungeon.
You worshipped Vehumet.
Vehumet was noncommittal.
You visited 2 branches of the dungeon, and saw 6 of its levels.

You collected 208 gold pieces.

Inventory:

Hand Weapons
 b - a +0 short sword
 d - a +2 dagger of venom
 e - a +0 hunting sling
 f - a +1 dagger of pain
 g - a +1 short sword of speed (weapon)
Missiles
 c - 107 stones
 q - 55 sling bullets
Armour
 a - a +0 robe (worn)
 h - a +2 helmet (worn)
 i - a +0 pair of gloves (worn)
Magical Staves
 p - a staff of fire
Wands
 n - a wand of acid (15)
 o - a wand of digging (7)
Scrolls
 l - 3 scrolls of identify
 m - 2 scrolls of teleportation
 r - a scroll of brand weapon {unknown}
 s - a scroll of fog {unknown}
Potions
 j - a potion of mutation


   Skills:
 + Level 0.2 Fighting
 + Level 1.2 Short Blades
 + Level 2.7 Dodging
 + Level 2.7 Stealth
 * Level 5.3 Spellcasting
 * Level 2.0 Conjurations
 * Level 2.0 Translocations
 * Level 3.0 Transmutations
 * Level 1.3 Air Magic
 * Level 5.2 Poison Magic
 * Level 1.7 Evocations


You had 8 spell levels left.
You knew the following spells:

 Your Spells              Type           Power      Damage    Failure   Level
a - Sting                 Tmut/Pois      96%        1d7       1%          1
b - Poisonous Vapours     Pois/Air       40%        N/A       3%          2
c - Mephitic Cloud        Conj/Pois/Air  18%        N/A       9%          3
d - Blink                 Tloc           28%        N/A       6%          2

Your spell library contained the following spells:

 Spells                   Type           Power      Damage    Failure   Level
 Beastly Appendage        Tmut           38%        N/A       2%          1
 Wereblood                Tmut           19%        N/A       4%          2
 Spider Form              Tmut/Pois      24%        N/A       5%          3
 Olgreb's Toxic Radiance  Pois           29%        N/A       11%         4
 Lesser Beckoning         Tloc           14%        N/A       13%         3
 Manifold Assault         Tloc           14%        N/A       75%         5


Dungeon Overview and Level Annotations

Branches:
Dungeon (5/15)             Temple (1/1) D:5

Altars:
Ashenzari
Dithmenos
Elyvilon
Gozag
Kikubaaqudgha
Makhleb
Nemelex Xobeh
Qazlal
Ru
Sif Muna
Trog
Uskayaw
Vehumet
Xom

Annotations:
D:5 Prince Ribbit


Innate Abilities, Weirdness & Mutations

You are agile. (Dex +2)
You have an increased reservoir of magic. (+10% MP)
You are robust. (+10% HP)
You are weak. (Str -2)


Message History

The black bear claws you but does no damage.
You are confused.
You feel invigorated.
The black bear bites you but does no damage.
The black bear closely misses you.
The black bear claws you but does no damage.
Prince Ribbit barely misses you.
The black bear looks more healthy.
The black bear bites you.
The black bear claws you but does no damage.
The black bear barely misses you.
You bump into the rock wall.
Prince Ribbit hits you! The black bear barely misses you.
The black bear claws you.
* * * LOW HITPOINT WARNING * * *
The black bear closely misses you.
Okay, then.
You are too confused!
You closely miss the black bear.
The black bear is moderately wounded.
Prince Ribbit hits you but does no damage.
The black bear closely misses you. x2
The black bear claws you but does no damage.
You bump into the rock wall.
Prince Ribbit closely misses you. The black bear bites you.
The black bear claws you but does no damage. x2
Prince Ribbit barely misses you.
You bump into the rock wall.
Prince Ribbit hits you.
* * * LOW HITPOINT WARNING * * *
The black bear bites you.
* * * LOW HITPOINT WARNING * * *
The black bear claws you.
* * * LOW HITPOINT WARNING * * *
The black bear claws you.
* * * LOW HITPOINT WARNING * * *
Okay, then.
You are too confused!
Really quaff the potion of mutation?
You feel extremely strange.
You feel weaker.
You feel robust.
You feel more energetic.
You feel agile. Prince Ribbit hits you!
You die...

. .##
. ..#
. #.#
. #.#
. #.#
. #.#
#.#
####F#
#..h@#
#.####
#.#
#.#
#.#
#.#
#.#
#.#
#.#


You could see Prince Ribbit (poisoned) and a black bear.

Vanquished Creatures
  Sigmund (D:5)
  A necrophage (D:4)
  A hound (D:4)
  An orc priest (D:5)
  An orc wizard (D:4)
  2 iguanas (D:5)
  Robin (D:2)
  A gnoll (D:4)
  4 adders
  An ufetubus (D:5)
  A dart slug (D:2)
  2 orcs
  5 bats
  4 endoplasms
  6 giant cockroaches
  11 goblins
  10 hobgoblins
  5 jackals
  5 kobolds
  2 quokkas (D:3)
  7 ball pythons
  4 frilled lizards
  5 rats
81 creatures vanquished.

Notes
Turn   | Place    | Note
-------+----------+-------------------------------------------
     0 | D:1      | styxcanada the Deep Elf Venom Mage began the quest for the
                  | Orb.
     0 | D:1      | Reached XP level 1. HP: 10/10 MP: 6/6
   178 | D:1      | You fall into a shaft and drop 1 floor!
   230 | D:2      | Reached XP level 2. HP: 15/15 MP: 5/8
   772 | D:1      | Learned a level 2 spell: Poisonous Vapours
  1239 | D:1      | Reached XP level 3. HP: 2/19 MP: 7/10
  1536 | D:1      | Found a faded altar of an unknown god.
  1622 | D:2      | Learned a level 3 spell: Mephitic Cloud
  2167 | D:2      | Noticed Robin
  2219 | D:2      | Killed Robin
  2431 | D:2      | Reached XP level 4. HP: 9/24 MP: 9/12
  2674 | D:2      | Learned a level 2 spell: Blink
  3733 | D:3      | Reached skill level 1 in Conjurations
  4254 | D:4      | Reached XP level 5. HP: 27/28 MP: 8/13
  4760 | D:5      | Entered Level 5 of the Dungeon
  4764 | D:5      | Found a staircase to the Ecumenical Temple.
  4770 | Temple   | Entered the Ecumenical Temple
  4799 | Temple   | Became a worshipper of Vehumet
  4827 | D:5      | Noticed a necrophage
  4881 | D:4      | Killed a necrophage
  4882 | D:4      | Reached skill level 1 in Translocations
  4882 | D:4      | Reached skill level 1 in Air Magic
  4987 | D:5      | Reached XP level 6. HP: 17/32 MP: 11/15
  5154 | D:4      | Reached skill level 5 in Poison Magic
  5281 | D:4      | Reached skill level 1 in Short Blades
  5345 | D:5      | Noticed Sigmund
  5354 | D:5      | Killed Sigmund
  5355 | D:5      | Reached skill level 5 in Spellcasting
  5355 | D:5      | Reached skill level 1 in Evocations
  5474 | D:5      | Noticed Prince Ribbit
  5476 | D:5      | Reached XP level 7. HP: 36/36 MP: 13/17
  5493 | D:5      | Gained mutation: You are weak. (Str -2) [potion of
                  | mutation]
  5493 | D:5      | Gained mutation: You are robust. (+10% HP) [potion of
                  | mutation]
  5493 | D:5      | Gained mutation: You have an increased reservoir of magic.
                  | (+10% MP) [potion of mutation]
  5493 | D:5      | Gained mutation: You are agile. (Dex +2) [potion of
                  | mutation]
  5493 | D:5      | Mangled by Prince Ribbit

Illustrated notes

Levels and vault maps discovered:
D:1:      dpeg_arrival_tiny_c, layout_loops_ring, shapermc_ecumenical_altar_venn
D:2:      minmay_chambers_of_twos, layout_loops_corners, uniq_robin
D:3:      kennysheep_six_static_rooms, layout_loops_cross, serial_bayou_crossing
D:4:      layout_rooms, minivault_27, bh_walls_and_bars
D:5:      layout_loops_ring, temple_statues, uniq_prince_ribbit1,
          uniq_blork_the_orc, uniq_duvessa, uniq_crazy_yiuf_cottage,
          uniq_sigmund
Temple:   nicolae_temple_the_god_donut

Skill      XL: |  1  2  3  4  5  6 |
---------------+-------------------+-----
Poison Magic   | 4 5 |  5.2
Spellcasting   | 4 5 |  5.3
Transmutations | 2 3 |  3.0
Conjurations   | 1 2 |  2.0
Translocations | 1 2 |  2.0
Air Magic      | 1 |  1.3
Short Blades   | 1 |  1.2
Evocations     | 1 |  1.7
Fighting       | |  0.2
Dodging        | |  2.7
Stealth        | |  2.7

Action                   |  1- 3 |  4- 6 |  7- 9 || total
-------------------------+-------+-------+-------++-------
Melee: Short sword       |    18 |    51 |     2 ||    71
       Punch             |       |     1 |       ||     1
 Cast: Sting             |    57 |    72 |     6 ||   135
       Poisonous Vapours |     5 |     8 |       ||    13
  Use: Scroll            |     3 |     4 |       ||     7
       Potion            |       |     2 |     2 ||     4
 Stab: Sleeping          |     4 |     1 |     1 ||     6
Armor: Robe              |     8 |    22 |    15 ||    45
Dodge: Dodged            |    32 |    44 |    23 ||    99
